 Dungeon Crawl Stone Soup version 0.30.1-9-gdf580d7c3d (webtiles) character file.

Game seed: 15367914834684941738

71 Ivernyr the Covered (level 4, 37/37 HPs)
             Began as a Formicid Fighter on Sept 28, 2023.
             Got out of the dungeon alive.
             The game lasted 00:03:05 (1178 turns).

Ivernyr the Covered (Formicid Fighter)              Turns: 1178, Time: 00:03:05

Health: 37/37      AC:  7    Str: 22    XL:     4   Next: 47%
Magic:  4/4        EV:  9    Int:  8    God:
Gold:   94         SH:  5    Dex: 13    Spells: 3/3 levels left

rFire   . . .        a - +0 flail
rCold   . . .        c - +0 buckler
rNeg    . . .        b - +0 scale mail
rPois   .            (helmet unavailable)
rElec   .            (no cloak)
rCorr   .            (no gloves)
SInv    +            (no boots)
Will    .....        (no amulet) Stlth
                     (no ring)
HPRegen 0.26/turn    (no ring)
MPRegen 0.09/turn

%: no passive effects
@: no status effects
A: permanent stasis, dig shafts and tunnels, antennae 3, four strong arms
a: Dig, Shaft Self


You escaped.
You visited 1 branch of the dungeon, and saw 2 of its levels.

You collected 94 gold pieces.

Inventory:

Hand Weapons
 a - a +0 flail (weapon)
Armour
 b - a +0 scale mail (worn)
 c - a +0 buckler (worn)
Scrolls
 e - 2 scrolls of identify {unknown}
 f - 2 scrolls of poison {unknown}
 g - a scroll of butterflies {unknown}
 h - a scroll of fear {unknown}
 i - a scroll of noise {unknown}
Potions
 d - a potion of might


   Skills:
 + Level 4.1 Fighting
 + Level 3.0 Maces & Flails
 + Level 4.1 Armour
 - Level 4.0 Shields


You had 3 spell levels left.
You didn't know any spells.
Your spell library contained the following spells:

 Spells                   Type           Power      Damage    Failure   Level
 Lesser Beckoning         Tloc           0%         N/A       90%         2
 Momentum Strike          Conj/Tloc      0%         3d8       90%         2
 Blink                    Tloc           Unusable   N/A       N/A         2

Dungeon Overview and Level Annotations

Branches:
Dungeon (2/15)

Altars:

Shops:
D:2 [


Innate Abilities, Weirdness & Mutations

You cannot be hasted, slowed, berserked, paralysed or teleported.
You can dig through walls and to a lower floor.
You have a pair of large antennae on your head. (SInv)
Your four strong arms can wield two-handed weapons with a shield.


Message History

You see here a +0 leather armour.
A rat comes into view.
The rat barely misses you.
You barely miss the rat. The rat bites you but does no damage.
You hit the rat but do no damage. The rat bites you but does no damage.
You closely miss the rat. The rat misses you.
The rat bites you but does no damage.
You sock the rat!
You kill the rat!
You see here a rat corpse.
Found a hand axe.
Found a stone staircase leading down.
You now have 94 gold pieces (gained 5).
You see here a +2 heavy mace.
i - a scroll labelled XYV KI IDOINA
f - 2 scrolls labelled PUYBLO ESIO (gained 1)
There is an escape hatch in the ceiling here.
Found 4 boomerangs.
A giant cockroach comes into view.
You see here 4 boomerangs.
The giant cockroach barely misses you. You block the giant cockroach's attack.
You closely miss the giant cockroach. You block the giant cockroach's attack.
You sock the giant cockroach!
You kill the giant cockroach!
Your Maces & Flails skill increases to level 3!
Found an escape hatch in the floor.
Found a whip.
There is an escape hatch in the floor here.
You see here a +0 whip.
Done exploring.
Done exploring.
(D) Dungeon
Where to? (? - help)
What level of the Dungeon? (default 1, ? - help)
There is a stone staircase leading up here.
You climb upwards.
There is a stone staircase leading down here.
You see here 2 stones.
There is a staircase leading out of the dungeon here.
Are you sure you want to leave the Dungeon?
This will make you lose the game!
You have escaped!

..........##.#######)##.....#.##
......=...##..# ##.##..####.#
...####...###.## ##..##.###...#
....# #.#.# ##.###.#.##.# #.###
....###.#.## ##.#.#####.###.#
....##.....## ##.## ##..##..#
....##..###.###.#.###.#.)..##
....##..####.#.#.#.#.##.####
...#...>..###.#.@.#.###.###
...#....####.#.#.#.#.##...# ##
........###.###.#.###.#...# #.
##.#...##..## ##.## ##....# #.
............###.#.###.....######.
.......####..#.###.#.............
##..##........#####.......#......
#...#######.................####.
...##### #....†...........## #.


There were no monsters in sight!

Vanquished Creatures
  A gnoll (D:2)
  An adder (D:2)
  A worm (D:2)
  3 bats (D:1)
  4 endoplasms
  3 giant cockroaches
  A goblin (D:1)
  7 hobgoblins
  9 kobolds
  4 quokkas
  4 ball pythons
  2 frilled lizards
  6 rats
46 creatures vanquished.

Notes
Turn   | Place    | Note
-------+----------+-------------------------------------------
     0 | D:1      | Ivernyr the Formicid Fighter began the quest for the Orb.
     0 | D:1      | Reached XP level 1. HP: 18/18 MP: 1/1
   109 | D:1      | Reached XP level 2. HP: 24/24 MP: 2/2
   291 | D:1      | Found a faded altar of an unknown god.
   349 | D:1      | Reached XP level 3. HP: 28/30 MP: 3/3
   543 | D:2      | Identified the +1 sling "Ceqoanem" {speed, rPois rC+ Will+}
   609 | D:2      | Found Haesarr's Antique Armour Emporium.
   733 | D:2      | Reached XP level 4. HP: 35/37 MP: 4/4
  1178 | D:$      | Got out of the dungeon alive.

Illustrated notes

Levels and vault maps discovered:
D:1:      minmay_arrival_diagonal_passages, layout_rooms,
          shapermc_ecumenical_altar_pompeii, serial_glass, glass_columns_b,
          glass_columns_c
D:2:      layout_rooms, serial_shops, shop, minmay_pentomino_pile

Skill      XL: |  1  2  3  4 |
---------------+-------------+-----
Fighting       | 4 |  4.1
Armour         | 4 |  4.1
Maces & Flails | 3 |  3.0
Shields        | |  4.0

Action                     |  1- 3 |  4- 6 || total
---------------------------+-------+-------++-------
  Melee: Flail             |   124 |    43 ||   167
 Armour: Scale mail        |    78 |    23 ||   101
  Dodge: Dodged            |    66 |    24 ||    90
  Block: Buckler           |    33 |    10 ||    43
